 Dungeon Crawl Stone Soup version 0.21.1-1-g345015f (webtiles) character file.

464 infcreate the Chopper (level 6, -1/55 HPs)
             Began as a Minotaur Fighter on May 13, 2018.
             Slain by a worker ant (2 damage)
             ... on level 4 of the Dungeon.
             The game lasted 00:13:37 (3568 turns).

infcreate the Chopper (Minotaur Fighter)            Turns: 3568, Time: 00:13:38

Health: -1/55      AC:  8    Str: 19 (22) XL:     6   Next: 80%
Magic:  5/5        EV: 12    Int:  3 (5)  God:
Gold:   141        SH: 10    Dex: 12 (15) Spells: 5/5 levels left

rFire    . . .     SeeInvis .   a - +0 war axe
rCold    . . .     Gourm    .   c - +0 shield
rNeg     . . .     Faith    .   b - +0 scale mail
rPois    .         Spirit   .   (helmet restricted)
rElec    .         Reflect  .   r - +0 cloak
rCorr    .         Harm     .   (no gloves)
MR       .....                  (no boots)
Stlth    +.........             (no amulet)
HPRegen  0.18/turn              (no ring)
MPRegen  0.09/turn              (no ring)

@: agile, lethally poisoned (-1 -> -5)
A: retaliatory headbutt, horns 2
a: no special abilities


You were on level 4 of the Dungeon.
You were not hungry.

You visited 1 branch of the dungeon, and saw 4 of its levels.

You collected 141 gold pieces.

Inventory:

Hand Weapons
 a - a +0 war axe (weapon)
Armour
 b - a +0 scale mail (worn)
 c - a +0 shield (worn)
 r - a +0 cloak (worn)
Jewellery
 o - an uncursed ring of protection from magic {unknown}
Scrolls
 e - a scroll of identify
 g - a scroll of remove curse
 h - a scroll of random uselessness {unknown}
 l - a scroll of fog {unknown}
 n - 2 scrolls of enchant armour {unknown}
 t - a scroll of fear {unknown}
Potions
 d - a potion of might
 i - 4 potions of agility
 j - 2 potions of curing {unknown}
 k - 2 potions of degeneration
 m - a potion of invisibility {unknown}
 p - a potion of brilliance {unknown}
 q - a potion of cancellation {unknown}
 s - 2 potions of mutation {unknown}
 u - 2 potions of flight {unknown}
Comestibles
 f - 5 rations


   Skills:
 + Level 4.9 Fighting
 + Level 5.7 Axes
 + Level 5.7 Armour
 + Level 5.3 Shields


You had 5 spell levels left.
You didn't know any spells.

Dungeon Overview and Level Annotations

Branches:
Dungeon (4/15)
 Temple: D:4-7

Altars:

Annotations:
D:4 Blork the orc


Innate Abilities, Weirdness & Mutations

You reflexively headbutt those who attack you in melee.
You have a pair of horns on your head.


Message History

You are more poisoned.
The worker ant poisons you!
You feel sick. Blork the orc casts a spell at you. The magic dart hits you!
* * * LOW HITPOINT WARNING * * *
* * * LOW HITPOINT WARNING * * *
You feel sick.
* * * LOW HITPOINT WARNING * * *
You feel sick.
Okay, then.
It was a potion of agility.
You feel agile all of a sudden. Blork the orc closely misses you.
You block the worker ant's attack.
It was a potion of degeneration.
There was something very wrong with that liquid.
You feel weakened.
You feel dopey.
You feel clumsy.
* * * LOW HITPOINT WARNING * * *
You feel sick. You block Blork the orc's attack. The worker ant bites you.
You die...

### #.####### ### #...#...#
##.# ##......## #..#
#.......# ##.##
##......##########..# #
##.../..#.........## # ###
#........@ao...#..## ###
^.######..##############..#
###.. .....##..##
##.###.... ........##
##......# ..##...##
##...### .####.## #.### ##
#.# #..# ... ##.# #.... #.#


You could see Blork the orc and a worker ant.

Vanquished Creatures
  Grinder (D:3)
  Duvessa (D:4)
  Dowan (D:4)
  Crazy Yiuf (D:3)
  4 adders
  3 worms (D:2)
  A dart slug (D:1)
  A leopard gecko (D:3)
  2 orcs (D:3)
  A ball python (D:1)
  10 bats
  4 giant cockroaches
  5 goblins
  3 hobgoblins
  2 jackals (D:3)
  2 quokkas
  6 frilled lizards
  4 kobolds
  5 rats
57 creatures vanquished.

Notes
Turn   | Place    | Note
-------+----------+-------------------------------------------
     0 | D:1      | infcreate the Minotaur Fighter began the quest for the Orb.
     0 | D:1      | Reached XP level 1. HP: 19/19 MP: 0/0
   182 | D:1      | Reached XP level 2. HP: 27/27 MP: 1/1
   929 | D:2      | Reached XP level 3. HP: 30/33 MP: 2/2
  1828 | D:3      | Reached XP level 4. HP: 39/40 MP: 3/3
  2244 | D:3      | Found a runed door.
  2248 | D:3      | Noticed Crazy Yiuf
  2254 | D:3      | Killed Crazy Yiuf
  2394 | D:3      | Noticed Grinder
  2401 | D:3      | Paralysed by Grinder for 7 turns
  2424 | D:3      | Paralysed by Grinder for 7 turns
  2771 | D:3      | Killed Grinder
  2771 | D:3      | Reached skill level 5 in Axes
  2771 | D:3      | Reached skill level 5 in Armour
  2771 | D:3      | Reached skill level 5 in Shields
  2771 | D:3      | Reached XP level 5. HP: 27/47 MP: 4/4
  2771 | D:3      | Reached XP level 6. HP: 31/53 MP: 5/5
  3023 | D:4      | Noticed Duvessa
  3024 | D:4      | Noticed Dowan
  3037 | D:4      | Killed Dowan
  3044 | D:4      | Killed Duvessa
  3524 | D:4      | Noticed Blork the orc
  3566 | D:4      | HP: 2/55 [poisoned by a worker ant]
  3568 | D:4      | Slain by a worker ant

Skill      XL: |  1  2  3  4 |
---------------+-------------+-----
Fighting       | 4 |  4.9
Armour         | 4 5 |  5.7
Shields        | 4 5 |  5.3
Axes           | 3 5 |  5.7

Action                   |  1- 3 |  4- 6 || total
-------------------------+-------+-------++-------
Melee: War axe           |   122 |    64 ||   186
       Headbutt          |    14 |     8 ||    22
  Use: Scroll            |     1 |       ||     1
       Potion            |       |     2 ||     2
  Eat: Chunk             |     3 |     2 ||     5
       Ration            |       |     1 ||     1
Armor: Scale mail        |    61 |    26 ||    87
Dodge: Dodged            |    34 |    24 ||    58
Block: Shield            |    67 |    49 ||   116
